 Dungeon Crawl Stone Soup version 0.31-a0-1278-g11c5b68f87 (webtiles) character file.

Game seed: 4850939262939391651

59 grandjackal the Ducker (level 3, 0/28 HPs)
             Began as a Demonspawn Gladiator on Dec 17, 2023.
             Slain by Grinder (4 damage)
             ... on level 3 of the Dungeon.
             The game lasted 00:02:07 (1830 turns).

grandjackal the Ducker (Demonspawn Gladiator)       Turns: 1830, Time: 00:02:08

Health: 0/28       AC:  9    Str: 14    XL:     3   Next: 78%
Magic:  3/3        EV: 17    Int:  8    God:
Gold:   112        SH:  4    Dex: 16    Spells: 2/2 levels left

rFire   . . .        f - +1 dagger (venom)
rCold   + . .        (no shield)
rNeg    . . .        l - +3 leather armour
rPois   .            c - +0 helmet
rElec   .            (no cloak)
rCorr   .            v - +0 pair of gloves
SInv    .            u - +0 pair of boots
Will    .....        (no amulet)
Stlth   +            b - +5 ring of evasion
HPRegen 0.24/turn    n - ring of protection from cold
MPRegen 0.08/turn

%: no passive effects
@: attractive, studying Axes
A: condensation shield, demonic magic 1
a: no special abilities


You were on level 3 of the Dungeon.
You visited 1 branch of the dungeon, and saw 3 of its levels.

You collected 112 gold pieces.

Inventory:

Hand Weapons
 a - a +0 long sword
 f - a +1 dagger of venom (weapon)
Missiles
 d - 2 throwing nets (quivered)
 e - a javelin
Armour
 c - a +0 helmet (worn)
 l - a +3 leather armour (worn)
 u - a +0 pair of boots (worn)
 v - a +0 pair of gloves (worn)
Jewellery
 b - a +5 ring of evasion (left hand)
 k - a ring of see invisible
 n - a ring of protection from cold (right hand)
 r - an amulet of faith
Scrolls
 h - a scroll of teleportation {unknown}
 i - 2 scrolls of identify {unknown}
 o - 2 scrolls of blinking {unknown}
 t - a scroll of revelation {unknown}
Potions
 g - a potion of invisibility {unknown}
 j - a potion of degeneration {unknown}
 m - 2 potions of attraction
 p - a potion of mutation {unknown}
 q - a potion of lignification {unknown}
 s - a potion of curing {unknown}


   Skills:
 + Level 2.8 Fighting
 + Level 3.2 Long Blades
 - Level 2.0 Throwing
 + Level 3.2 Dodging


You had 2 spell levels left.
You didn't know any spells.
Your spell library contained the following spells:

 Spells                   Type           Power      Damage    Failure   Level
 Slow                     Hex            0%         N/A       50%         1
 Sublimation of Blood     Necr           0%         N/A       63%         2
 Confusing Touch          Hex            0%         N/A       86%         3
 Sigil of Binding         Hex            0%         N/A       86%         3
 Summon Guardian Golem    Hex/Summ       0%         N/A       86%         3
 Vampiric Draining        Necr           0%         2d6       86%         3
 Petrify                  Tmut/Erth      0%         N/A       99%         4
 Irradiate                Conj/Tmut      0%         3d11      100%        5
 Orb of Destruction       Conj           0%         9d5       100%        7
 Spellforged Servitor     Conj/Summ      0%         N/A       100%        7


Dungeon Overview and Level Annotations

Branches:
Dungeon (3/15)

Altars:

Shops:
D:1 ?

Annotations:
D:3 Grinder


Innate Abilities, Weirdness & Mutations

A meltable shield of frost defends you. (SH +4)
Spells you cast may paralyse adjacent enemies.


Message History

f - a +1 dagger of venom (weapon)
Grinder gestures at you. Pain shoots through your body!
Throw: 3 throwing nets
Press: ? - help, Q - select action, (/) - cycle Shift-Dir - straight line, f - Grinder
Aim: Grinder (lightly wounded, 55% to hit)
You throw a throwing net. The throwing net hits Grinder.
Grinder is caught in the net!
Grinder is lightly wounded.
Grinder struggles against the net.
You hit Grinder but do no damage.
Grinder is lightly wounded.
Grinder says, "You look like you could use a good racking."
Grinder struggles against the net.
You hit Grinder.
Grinder is moderately wounded.
Grinder struggles against the net.
You hit Grinder but do no damage.
Grinder is moderately wounded.
Grinder struggles against the net.
You hit Grinder.
Grinder is poisoned.
Grinder is moderately wounded.
Grinder gestures at you. Pain shoots through your body!
Ouch! That really hurt!
* * * LOW HITPOINT WARNING * * *
Grinder struggles against the net.
The net rips apart, and Grinder comes free!
You hit Grinder.
Grinder is moderately wounded.
You hit Grinder but do no damage.
Grinder is moderately wounded.
Grinder barely misses you.
You hit Grinder.
Grinder is moderately wounded.
It was a potion of attraction.
You feel attractive to monsters. Grinder hits you.
You die...
Grinder says, "Now the real fun starts!"

#.#. #.#. #... ..#####
#.....# #.#?#.# # #.#...#.#
######## #.@5....#
.......##########.#........
.......##.......#.#.......#
.......##.#####.#.#........
.......##.........#########
.......##.........#
.......##......^..#
.......##.........#
.......##.........#


You could see Grinder (very poisoned).

Vanquished Creatures
  An adder (D:2)
  4 dart slugs
  2 ball pythons (D:2)
  5 bats
  4 giant cockroaches
  3 goblins
  2 hobgoblins
  3 jackals (D:3)
  4 quokkas
  4 kobolds
  5 rats
37 creatures vanquished.

Notes
Turn   | Place    | Note
-------+----------+-------------------------------------------
     0 | D:1      | grandjackal the Demonspawn Gladiator began the quest for
                  | the Orb.
     0 | D:1      | Reached XP level 1. HP: 16/16 MP: 1/1
   202 | D:1      | Gained mutation: A meltable shield of frost defends you.
                  | (SH +4) [demonic ancestry]
   202 | D:1      | Reached XP level 2. HP: 22/22 MP: 2/2
   819 | D:1      | Found a faded altar of an unknown god.
  1001 | D:2      | Gained mutation: Spells you cast may paralyse adjacent
                  | enemies. [demonic ancestry]
  1001 | D:2      | Reached XP level 3. HP: 28/28 MP: 3/3
  1797 | D:3      | Noticed Grinder
  1814 | D:3      | Paralysed by Grinder for 4 turns
  1830 | D:3      | Slain by Grinder

Illustrated notes

Levels and vault maps discovered:
D:1:      dpeg_arrival_connections, layout_rooms,
          ebering_ecumenical_altar_abandoned, serial_shops,
          nicolae_shop_getting_attention, serial_co_window_serial,
          co_window_paths_b, co_window_corner_a, co_window_paths_a,
          co_window_paths_a, co_window_paths_b, co_window_paths_b,
          co_window_paths_b, co_window_of_opportunity_b, co_window_corner_ca,
          co_window_corner_b, co_window_unsneaky_path_b, co_window_corner_b,
          co_window_of_opportunity_b, co_window_corner_b, co_window_paths_d,
          glass_columns_a, chequers_serial_rivers_micro_c
D:2:      mumra_celtic_spiral_tile, layout_basic
D:3:      layout_basic, gammafunk_temple_overflow_forgotten, uniq_grinder,
          uniq_jessica

Skill      XL: |  1  2 |
---------------+-------+-----
Throwing       | 2 |  2.0
Long Blades    | 3 |  3.2
Dodging        | 3 |  3.2
Fighting       | |  2.8

Action                     || total
---------------------------++-------
  Melee: Dagger            ||   109
         Long sword        ||    11
         Punch             ||     1
  Throw: Throwing net      ||     1
    Use: Potion            ||     1
   Stab: Distracted        ||     1
 Armour: Leather armour    ||    37
  Dodge: Dodged            ||    66
  Block: Other             ||    25

Table legend: (Time is in decaauts)
 A = Elapsed time spent in this place.
 B = Non-inter-level travel time spent in this place.
 C = Inter-level travel time spent in this place.
 D = Time resting spent in this place.
 E = Time spent auto-exploring this place.
 F = Levels seen in this place.
 G = Mean time per level.
                   A        B        C        D        E       F      G
               +--------+--------+--------+--------+--------+-----+--------+
         Total |   1819 |   1739 |     80 |      0 |   1424 |   3 |  606.3 |
       Dungeon |   1819 |   1739 |     80 |      0 |   1424 |   3 |  606.3 |
               +--------+--------+--------+--------+--------+-----+--------+

Top non-repeatable levels by time:
     D:1: 942 daAuts
     D:2: 599 daAuts
     D:3: 277 daAuts
